| TOP OF THE 1ST |
|
Sumter Gamecocks batting - Pitching for Greenville Spinners : RHP Linvel Mosby
|
|
Pitching: RHP Linvel Mosby
|
|
|
Batting: SHB John Cangelosi
|
0-0: Called Strike 0-1: Foul Ball, location: 2F 0-2: Ball 1-2: Ball 2-2: Ball 3-2: Foul Ball, location: 2F 3-2: Foul Ball, location: 2F 3-2: Foul Ball, location: 2F 3-2: Ground out 6-3 (Groundball, 56, EV 86.3 MPH)
|
|
Batting: LHB Antonio Tapia
|
0-0: Called Strike 0-1: Foul Ball, location: 2F 0-2: Ball 1-2: Ball 2-2: SINGLE (Line Drive, 78S, EV 106.3 MPH)
|
|
Batting: RHB Randy Washington
|
0-0: Foul Ball, location: 2F 0-1: Foul Ball, location: 2F 0-2: Foul Ball, location: 2F 0-2: Strikes out swinging
|
|
Batting: LHB Mark Gerard
|
0-0: Ball 1-0: Swinging Strike 1-1: Ball 2-1: Ball 3-1: Foul Ball, location: 2F 3-2: Foul Ball, location: 2F 3-2: Foul Ball, location: 2F 3-2: Ground out U3 (Groundball, 34, EV 88.1 MPH)
|
| Top of the 1st over - 0 runs, 1 hit, 0 errors, 1 left on base; Sumter 0 - Greenville 0 |
| BOTTOM OF THE 1ST |
|
Greenville Spinners batting - Pitching for Sumter Gamecocks : RHP Lance McCullers
|
|
Pitching: RHP Lance McCullers
|
|
|
Batting: RHB Tony Russell
|
0-0: SINGLE (Line Drive, 78S, EV 93.8 MPH)
|
|
Batting: LHB John Edmonds
|
0-0: Called Strike 0-1: Ball 1-1: Fielders Choice at 2nd, 6-4 (Groundball, 56, EV 109.4 MPH)
|
|
Batting: LHB William Hance
|
0-0: Called Strike 0-1: Called Strike 0-2: Ground out 5-3 (Groundball, 56S, EV 71.3 MPH) John Edmonds to second
|
|
Batting: RHB Ronald Carapezzi
|
0-0: Ball 1-0: Ball 2-0: Foul Ball, location: 2F 2-1: Ball 3-1: Swinging Strike 3-2: Strikes out swinging
|
| Bottom of the 1st over - 0 runs, 1 hit, 0 errors, 1 left on base; Sumter 0 - Greenville 0 |
| TOP OF THE 2ND |
|
Sumter Gamecocks batting - Pitching for Greenville Spinners : RHP Linvel Mosby
|
|
Batting: LHB Rick Siriano
|
0-0: Ball 1-0: Ball 2-0: Foul Ball, location: 2F 2-1: Ball 3-1: Called Strike 3-2: Ground out U3 (Groundball, 3, EV 103.8 MPH)
|
|
Batting: RHB Jerry Hidalgo
|
0-0: Ball 1-0: Ball 2-0: Ball 3-0: Base on Balls
|
|
Batting: RHB Aldo Bagiotti
|
0-0: Fly out, F4 (Popup, 13, EV 82.5 MPH)
|
|
Batting: RHB Claude Johnson
|
0-0: Ball 1-0: Swinging Strike 1-1: Fly out, F9 (Line Drive, 9, EV 91.3 MPH)
|
| Top of the 2nd over - 0 runs, 0 hits, 0 errors, 1 left on base; Sumter 0 - Greenville 0 |
| BOTTOM OF THE 2ND |
|
Greenville Spinners batting - Pitching for Sumter Gamecocks : RHP Lance McCullers
|
|
Batting: RHB Glenn Robertson
|
0-0: Ball 1-0: Ball 2-0: DOUBLE (Line Drive, 9LM, EV 106.3 MPH)
|
|
Batting: RHB Byron Peyton
|
0-0: Ball 1-0: Ball 2-0: Called Strike 2-1: Foul Ball, location: 2F 2-2: DOUBLE (Flyball, 89D, EV 97.5 MPH) Glenn Robertson scores
|
|
Batting: RHB Michael McEvilly
|
0-0: Called Strike 0-1: Ground out U3 (Groundball, 34S, EV 86.3 MPH) Byron Peyton to third
|
|
Batting: RHB Luis Salazar
|
0-0: Called Strike 0-1: Ball 1-1: Ball 2-1: Ball 3-1: Base on Balls
|
|
Batting: RHB Darrell Woodard
|
0-0: Ball 1-0: Ball 2-0: Fielders Choice at 2nd, 3-6 (Groundball, 34S, EV 84.4 MPH) Byron Peyton scores
|
|
Batting: RHB Tony Russell
|
0-0: Ball 1-0: Called Strike 1-1: Ball 2-1: Foul Ball, location: 2F 2-2: Strikes out swinging
|
| Bottom of the 2nd over - 2 runs, 2 hits, 0 errors, 1 left on base; Sumter 0 - Greenville 2 |
| TOP OF THE 3RD |
|
Sumter Gamecocks batting - Pitching for Greenville Spinners : RHP Linvel Mosby
|
|
Batting: RHB Juan Hernandez
|
0-0: SINGLE (Groundball, 6MD, EV 106.9 MPH)
|
|
Batting: SHB John Cangelosi
|
0-0: Foul Ball, location: 2F 0-1: Ball 1-1: Ball 2-1: Foul Ball, location: 2F 2-2: Fly out, F8 (Flyball, 8LD, EV 80.6 MPH)
|
|
Batting: LHB Antonio Tapia
|
0-0: Ball 1-0: Called Strike 1-1: Ball 2-1: Ball 3-1: Swinging Strike 3-2: Strikes out swinging Juan Hernandez is caught stealing 2nd base 2-6 Batter strikes out.
|
| Top of the 3rd over - 0 runs, 1 hit, 0 errors, 0 left on base; Sumter 0 - Greenville 2 |
| BOTTOM OF THE 3RD |
|
Greenville Spinners batting - Pitching for Sumter Gamecocks : RHP Lance McCullers
|
|
Batting: LHB John Edmonds
|
0-0: Ground out U3 (Groundball, 3, EV 85.0 MPH)
|
|
Batting: LHB William Hance
|
0-0: Called Strike 0-1: Called Strike 0-2: Foul Ball, location: 2F 0-2: Ball 1-2: Foul Ball, location: 2F 1-2: DOUBLE (Flyball, 78XD, EV 108.1 MPH)
|
|
Batting: RHB Ronald Carapezzi
|
0-0: Called Strike 0-1: Ball 1-1: Foul Ball, location: 2F 1-2: Ball 2-2: Fly out, F8 (Flyball, 8RM, EV 81.9 MPH)
|
|
Batting: RHB Glenn Robertson
|
0-0: Swinging Strike 0-1: DOUBLE (Line Drive, 7LM, EV 86.9 MPH) William Hance scores
|
|
Batting: RHB Byron Peyton
|
0-0: Called Strike 0-1: Ball 1-1: Ball 2-1: Called Strike 2-2: Strikes out swinging
|
| Bottom of the 3rd over - 1 run, 2 hits, 0 errors, 1 left on base; Sumter 0 - Greenville 3 |
| TOP OF THE 4TH |
|
Sumter Gamecocks batting - Pitching for Greenville Spinners : RHP Linvel Mosby
|
|
Batting: RHB Randy Washington
|
0-0: Called Strike 0-1: Ball 1-1: Fly out, F8 (Flyball, 8LXD, EV 100.6 MPH)
|
|
Batting: LHB Mark Gerard
|
0-0: Ball 1-0: Ball 2-0: Ball 3-0: Base on Balls
|
|
Batting: LHB Rick Siriano
|
0-0: Foul Ball, location: 2F 0-1: Fly out, F8 (Flyball, 8RS, EV 83.1 MPH)
|
|
Batting: RHB Jerry Hidalgo
|
0-0: Ball 1-0: Ball 2-0: Ball 3-0: Called Strike 3-1: Base on Balls Mark Gerard to second
|
|
Batting: RHB Aldo Bagiotti
|
0-0: Fly out, F8 (Line Drive, 8LD, EV 92.5 MPH)
|
| Top of the 4th over - 0 runs, 0 hits, 0 errors, 2 left on base; Sumter 0 - Greenville 3 |
| BOTTOM OF THE 4TH |
|
Greenville Spinners batting - Pitching for Sumter Gamecocks : RHP Lance McCullers
|
|
Batting: RHB Michael McEvilly
|
0-0: Ball 1-0: Called Strike 1-1: Ball 2-1: Swinging Strike 2-2: Ball 3-2: Foul Ball, location: 2F 3-2: Foul Ball, location: 2F 3-2: Fly out, F9 (Flyball, 9LS, EV 88.8 MPH)
|
|
Batting: RHB Luis Salazar
|
0-0: Called Strike 0-1: Ball 1-1: DOUBLE (Line Drive, 8RXD, EV 110.6 MPH)
|
|
Batting: RHB Darrell Woodard
|
0-0: Called Strike 0-1: Ball 1-1: Ball 2-1: Fly out, F8 (Flyball, 89D, EV 83.1 MPH) Runner from 2nd tags up, SAFE at 3rd, no throw by CF
|
|
Batting: RHB Tony Russell
|
0-0: Fly out, F7 (Flyball, 7LS, EV 82.5 MPH)
|
| Bottom of the 4th over - 0 runs, 1 hit, 0 errors, 1 left on base; Sumter 0 - Greenville 3 |
| TOP OF THE 5TH |
|
Sumter Gamecocks batting - Pitching for Greenville Spinners : RHP Linvel Mosby
|
|
Batting: RHB Claude Johnson
|
0-0: Hit by Pitch
|
|
Batting: RHB Juan Hernandez
|
0-0: Called Strike 0-1: Ball 1-1: Foul Ball, location: 2F 1-2: Hit by Pitch Claude Johnson to second
|
|
Batting: SHB John Cangelosi
|
0-0: Bunted foul 0-1: Bunt missed! 0-2: Foul Ball, location: 2F 0-2: Ball 1-2: SINGLE (Flyball, 34D, EV 90.0 MPH) Claude Johnson to third Juan Hernandez to second
|
|
Batting: LHB Antonio Tapia
|
0-0: Ball 1-0: SINGLE (Groundball, 4M, EV 98.8 MPH) (infield hit) Claude Johnson scores Juan Hernandez to third John Cangelosi to second
|
|
Batting: RHB Randy Washington
|
0-0: Ball 1-0: Ball 2-0: Ball 3-0: Base on Balls Juan Hernandez scores John Cangelosi to third Antonio Tapia to second
|
|
Batting: LHB Mark Gerard
|
0-0: Ball 1-0: Ball 2-0: Called Strike 2-1: Swinging Strike 2-2: Strikes out swinging
|
|
Batting: LHB Rick Siriano
|
0-0: Ball 1-0: Called Strike 1-1: Ball 2-1: Ball 3-1: Foul Ball, location: 2F 3-2: Base on Balls John Cangelosi scores Antonio Tapia to third Randy Washington to second
|
|
Batting: RHB Jerry Hidalgo
|
0-0: Called Strike 0-1: Foul Ball, location: 2F 0-2: Foul Ball, location: 2F 0-2: Ball 1-2: Ball 2-2: Foul Ball, location: 2F 2-2: Ball 3-2: Strikes out swinging
|
|
Batting: RHB Aldo Bagiotti
|
0-0: Called Strike 0-1: Swinging Strike 0-2: Ball 1-2: SINGLE (Line Drive, 7S, EV 103.8 MPH) Antonio Tapia scores Randy Washington to third Rick Siriano to second Runner from 3rd tries for Home, SAFE, throw by LF to home
|
|
Batting: RHB Claude Johnson
|
0-0: Ball 1-0: SINGLE (Line Drive, 9S, EV 106.9 MPH) Rick Siriano to third Aldo Bagiotti to second Runner from 3rd tries for Home, SAFE, throw by RF to home
|
|
Pitching: RHP Rafael Camarena
|
|
|
Batting: RHB Juan Hernandez
|
0-0: Ball Wild Pitch! Aldo Bagiotti to third Claude Johnson to second 1-0: Ball 2-0: Ball 3-0: Base on Balls
|
|
Batting: SHB John Cangelosi
|
0-0: Foul Ball, location: 2F 0-1: Fly out, F9 (Flyball, 9, EV 92.5 MPH)
|
| Top of the 5th over - 6 runs, 4 hits, 0 errors, 3 left on base; Sumter 6 - Greenville 3 |
| BOTTOM OF THE 5TH |
|
Greenville Spinners batting - Pitching for Sumter Gamecocks : RHP Lance McCullers
|
|
Batting: LHB John Edmonds
|
0-0: Called Strike 0-1: Ball 1-1: Ball 2-1: Ball 3-1: Base on Balls
|
|
Batting: LHB William Hance
|
0-0: Ball 1-0: Fly out, F9 (Line Drive, 9, EV 91.3 MPH)
|
|
Batting: RHB Ronald Carapezzi
|
0-0: Called Strike 0-1: Foul Ball, location: 2F 0-2: Ball 1-2: Foul Ball, location: 2F 1-2: Foul Ball, location: 2F 1-2: Strikes out swinging
|
|
Batting: RHB Glenn Robertson
|
0-0: Ball 1-0: Ball 2-0: Foul Ball, location: 2F 2-1: Ground out 4-3 (Groundball, 13, EV 82.5 MPH)
|
| Bottom of the 5th over - 0 runs, 0 hits, 0 errors, 1 left on base; Sumter 6 - Greenville 3 |
| TOP OF THE 6TH |
|
Sumter Gamecocks batting - Pitching for Greenville Spinners : RHP Rafael Camarena
|
|
Batting: LHB Antonio Tapia
|
0-0: Ball 1-0: Foul Ball, location: 2F 1-1: Fly out, F7 (Flyball, 78M, EV 82.5 MPH)
|
|
Batting: RHB Randy Washington
|
0-0: Ball 1-0: Ball 2-0: Foul Ball, location: 2F 2-1: Foul Ball, location: 2F 2-2: Fly out, F8 (Flyball, 78D, EV 91.3 MPH)
|
|
Batting: LHB Mark Gerard
|
0-0: Foul Ball, location: 2F 0-1: Ground out 4-3 (Groundball, 4, EV 104.4 MPH)
|
| Top of the 6th over - 0 runs, 0 hits, 0 errors, 0 left on base; Sumter 6 - Greenville 3 |
| BOTTOM OF THE 6TH |
|
Greenville Spinners batting - Pitching for Sumter Gamecocks : RHP Lance McCullers
|
|
Batting: RHB Byron Peyton
|
0-0: Ball 1-0: Ball 2-0: Ball 3-0: Called Strike 3-1: Base on Balls
|
|
Batting: RHB Michael McEvilly
|
0-0: Ball 1-0: Fielders Choice at 2nd, 6-4 (Groundball, 56, EV 100.0 MPH)
|
|
Batting: RHB Luis Salazar
|
0-0: Ball Michael McEvilly is caught stealing 2nd base 2-4 1-0: Ball 2-0: Ground out U3 (Groundball, 34S, EV 73.1 MPH)
|
| Bottom of the 6th over - 0 runs, 0 hits, 0 errors, 0 left on base; Sumter 6 - Greenville 3 |
| TOP OF THE 7TH |
|
Sumter Gamecocks batting - Pitching for Greenville Spinners : RHP Rafael Camarena
|
|
Batting: LHB Rick Siriano
|
0-0: Called Strike 0-1: Fly out, F6 (Popup, 6MD, EV 43.1 MPH)
|
|
Batting: RHB Jerry Hidalgo
|
0-0: Ground out 4-3 (Groundball, 4, EV 87.5 MPH)
|
|
Batting: RHB Aldo Bagiotti
|
0-0: Swinging Strike 0-1: Ball 1-1: Ball 2-1: SINGLE (Groundball, 56D, EV 103.1 MPH)
|
|
Batting: RHB Claude Johnson
|
0-0: Ball 1-0: Ball 2-0: Called Strike 2-1: Ball 3-1: Called Strike 3-2: Base on Balls Aldo Bagiotti to second
|
|
Batting: RHB Juan Hernandez
|
0-0: Ball 1-0: Swinging Strike 1-1: Ball 2-1: Swinging Strike 2-2: Ball 3-2: Strikes out swinging
|
| Top of the 7th over - 0 runs, 1 hit, 0 errors, 2 left on base; Sumter 6 - Greenville 3 |
| BOTTOM OF THE 7TH |
|
Greenville Spinners batting - Pitching for Sumter Gamecocks : RHP Lance McCullers
|
|
Batting: RHB Darrell Woodard
|
0-0: Called Strike 0-1: Ball 1-1: Ground out 5-3 (Groundball, 56S, EV 66.3 MPH)
|
|
Batting: RHB Tony Russell
|
0-0: Ball 1-0: Ball 2-0: Ball 3-0: Base on Balls
|
|
Batting: LHB John Edmonds
|
0-0: Foul Ball, location: 2F 0-1: Called Strike 0-2: Ball 1-2: Fly out, F4 (Popup, 4MD, EV 50.0 MPH)
|
|
Batting: LHB William Hance
|
0-0: Ball 1-0: Foul Ball, location: 2F 1-1: Foul Ball, location: 2F 1-2: Ball 2-2: Foul Ball, location: 2F 2-2: Ground out 1-3 (Groundball, 23, EV 70.6 MPH)
|
| Bottom of the 7th over - 0 runs, 0 hits, 0 errors, 1 left on base; Sumter 6 - Greenville 3 |
| TOP OF THE 8TH |
|
Sumter Gamecocks batting - Pitching for Greenville Spinners : RHP Rafael Camarena
|
|
Batting: SHB John Cangelosi
|
0-0: Called Strike 0-1: Ball 1-1: Ground out 4-3 (Groundball, 4, EV 103.8 MPH)
|
|
Batting: LHB Antonio Tapia
|
0-0: Ball 1-0: SINGLE (Line Drive, 56, EV 100.6 MPH)
|
|
Pitching: RHP Michael Morrissey
|
|
|
Batting: RHB Randy Washington
|
0-0: Ball 1-0: Ball 2-0: Foul Ball, location: 2F 2-1: Foul Ball, location: 2F 2-2: Foul Ball, location: 2F 2-2: Ball 3-2: Grounds into double play, 1-6-3 (Groundball, 13S, EV 74.4 MPH)
|
| Top of the 8th over - 0 runs, 1 hit, 0 errors, 0 left on base; Sumter 6 - Greenville 3 |
| BOTTOM OF THE 8TH |
|
Greenville Spinners batting - Pitching for Sumter Gamecocks : RHP Lance McCullers
|
|
Batting: RHB Ronald Carapezzi
|
0-0: Called Strike 0-1: Ball 1-1: Called Strike 1-2: Foul Ball, location: 2F 1-2: Foul Ball, location: 2F 1-2: Foul Ball, location: 2F 1-2: Foul Ball, location: 2F 1-2: Ball 2-2: SINGLE (Groundball, 4D, EV 103.1 MPH)
|
|
Batting: RHB Glenn Robertson
|
0-0: Ball 1-0: Called Strike 1-1: Ball 2-1: Ball 3-1: Base on Balls Ronald Carapezzi to second
|
|
Batting: RHB Byron Peyton
|
0-0: Ball 1-0: Ball 2-0: Ball 3-0: Base on Balls Ronald Carapezzi to third Glenn Robertson to second
|
|
Pinch Hitting: SHB Thomas Colburn
|
0-0: Ball 1-0: Ball 2-0: Called Strike 2-1: Called Strike 2-2: Foul Ball, location: 2F 2-2: Strikes out looking
|
|
Pinch Hitting: RHB Bobby Miscik
|
0-0: Called Strike 0-1: Called Strike 0-2: Ball 1-2: Grounds into fielders choice 6-2 (Groundball, 6S, EV 68.8 MPH) Glenn Robertson to third Byron Peyton to second
|
|
Pinch Hitting: LHB Glen Moon
|
0-0: Ball 1-0: Swinging Strike 1-1: Swinging Strike 1-2: Foul Ball, location: 2F 1-2: Strikes out looking
|
| Bottom of the 8th over - 0 runs, 1 hit, 0 errors, 3 left on base; Sumter 6 - Greenville 3 |
| TOP OF THE 9TH |
|
Sumter Gamecocks batting - Pitching for Greenville Spinners : RHP Michael Morrissey
|
|
Pitching: RHP Scott Farmer
|
|
|
Now at 3B: Bobby Miscik
|
|
|
Now at SS: Michael Kennedy
|
|
|
Now in LF: Tim Jordan
|
|
|
Batting: LHB Mark Gerard
|
0-0: Foul Ball, location: 2F 0-1: Foul Ball, location: 2F 0-2: Strikes out looking
|
|
Batting: LHB Rick Siriano
|
0-0: Swinging Strike 0-1: Ball 1-1: DOUBLE (Line Drive, 7LS, EV 103.1 MPH)
|
|
Batting: RHB Jerry Hidalgo
|
0-0: Called Strike 0-1: Ball 1-1: Ball 2-1: Foul Ball, location: 2F 2-2: Ball 3-2: Foul Ball, location: 2F 3-2: Ground out 4-3 (Groundball, 4S, EV 76.9 MPH) Rick Siriano to third
|
|
Batting: RHB Aldo Bagiotti
|
0-0: Swinging Strike 0-1: Called Strike 0-2: Strikes out swinging
|
| Top of the 9th over - 0 runs, 1 hit, 0 errors, 1 left on base; Sumter 6 - Greenville 3 |
| BOTTOM OF THE 9TH |
|
Greenville Spinners batting - Pitching for Sumter Gamecocks : RHP Lance McCullers
|
|
Pitching: RHP Kurt Mattson
|
|
|
Batting: RHB Tony Russell
|
0-0: Called Strike 0-1: Called Strike 0-2: Ball 1-2: Ball 2-2: Ground out 5-3 (Groundball, 5, EV 82.5 MPH)
|
|
Batting: LHB John Edmonds
|
0-0: Called Strike 0-1: Called Strike 0-2: Strikes out swinging
|
|
Batting: LHB William Hance
|
0-0: Ball 1-0: Called Strike 1-1: Fly out, F8 (Line Drive, 8RM, EV 90.0 MPH)
|
| Bottom of the 9th over - 0 runs, 0 hits, 0 errors, 0 left on base; Sumter 6 - Greenville 3 |
|